 Dungeon Crawl Stone Soup version 0.31.0-32-g396128a36d (webtiles) character file.

Game seed: 16502177593821689299

17248 suse60 the Grappler (level 12, -2/126 HPs)
             Began as a Troll Gladiator on Apr 3, 2024.
             Was the Champion of Okawaru.
             Killed from afar by a lightning spire (21 damage)
             ... with a bolt of electricity
             ... in a Gauntlet.
             The game lasted 01:15:49 (10058 turns).

suse60 the Grappler (Troll Gladiator)              Turns: 10058, Time: 01:15:51

Health: -2/126     AC: 11    Str: 35    XL:     12   Next: 17%
Magic:  14/14      EV: 11    Int:  4    God:    Okawaru [******]
Gold:   516        SH:  0    Dex: 13    Spells: 9/11 levels left

rFire   + .          .
                       - Unarmed
rCold   . . .        (no shield)
rNeg    . . .        y - +0 troll leather armour
rPois   +            A - +2 hat of Boseare {rPois Dex+2 Slay+2}
rElec   .            z - +2 cloak
rCorr   .            (gloves unavailable)
SInv    .            (boots unavailable)
Will    .....        g - amulet of regeneration
Stlth   +            q - +6 ring of strength
HPRegen 2.81/turn    k - ring of protection from fire
MPRegen 0.14/turn

%: no teleportation
@: no status effects
A: large, unfitting armour, claws 3, regeneration 1, shaggy fur 1, tough skin 1
a: Renounce Religion, Heroism, Finesse, Duel, Receive Weapon


You were in a Gauntlet.
You worshipped Okawaru.
Okawaru was exalted by your worship.
You visited 2 branches of the dungeon, and saw 13 of its levels.
You also visited: Bailey and Gauntlet.

You collected 516 gold pieces.

Inventory:

Hand Weapons
 t - a +4 war axe of flaming
Missiles
 b - 3 throwing nets
 u - 18 boomerangs
 B - a silver javelin
 N - a large rock (quivered)
Armour
 a - a +2 robe of positive energy
 d - +0 acid dragon scales
 y - a +0 troll leather armour (worn)
 z - a +2 cloak (worn)
 A - the +2 hat of Boseare (worn) {rPois Dex+2 Slay+2}
   (Okawaru gifted it to you in a Gauntlet)

   Dex+2:     It affects your dexterity (+2).
   Slay+2:    It affects your accuracy & damage with ranged weapons and melee
   (+2).
   rPois:     It protects you from poison
 J - a +1 hat of see invisible
Jewellery
 g - an amulet of regeneration (around neck)
 h - a ring of ice
 j - a ring of resist corrosion
 k - a ring of protection from fire (right claw)
 q - a +6 ring of strength (left claw)
Talismans
 i - a maw talisman
 o - a serpent talisman
Wands
 r - a wand of polymorph (24)
 v - a wand of digging (12)
 I - a wand of iceblast (7)
 O - a wand of light (3)
Scrolls
 c - a scroll of fog {unknown}
 f - a scroll of immolation
 D - a scroll of poison {unknown}
 K - a scroll of fear {unknown}
 L - 3 scrolls of teleportation
 M - a scroll of butterflies {unknown}
Potions
 e - 3 potions of heal wounds
 l - 3 potions of mutation
 m - 8 potions of curing
 n - 2 potions of might
 p - a potion of berserk rage
 s - 2 potions of invisibility
 w - a potion of ambrosia
 x - 4 potions of lignification
 F - 2 potions of enlightenment
 P - a potion of haste {unknown}
Miscellaneous
 E - a phial of floods
 G - a lightning rod (4/4)


   Skills:
 - Level 10.2 Fighting
 - Level 3.2 Throwing
 + Level 8.4 Armour
 - Level 5.0 Dodging
 - Level 10.2 Unarmed Combat
 - Level 5.1 Invocations
 - Level 1.1 Shapeshifting


You had 9 spell levels left.
You knew the following spells:

 Your Spells              Type           Power      Damage    Failure   Level
a - Scorch                Fire           0%         2d5       67%         2

Your spell library contained the following spells:

 Spells                   Type           Power      Damage    Failure   Level
 Foxfire                  Conj/Fire      0%         2x1d4     52%         1
 Sandblast                Erth           0%         2d4       52%         1
 Shock                    Conj/Air       0%         1d3       52%         1
 Ensorcelled Hibernation  Hex/Ice        0%         N/A       67%         2
 Sublimation of Blood     Necr           0%         N/A       67%         2
 Hailstorm                Conj/Ice       0%         3d5       88%         3
 Inner Flame              Hex/Fire       0%         N/A       88%         3
 Dimensional Bullseye     Hex/Tloc       0%         N/A       99%         4
 Flame Wave               Conj/Fire      0%         2d4       99%         4
 Iskenderun's Mystic Bla  Conj/Tloc      0%         2d3       99%         4
 Petrify                  Alch/Erth      0%         N/A       99%         4
 Sticky Flame             Fire/Alch      0%         2d4       99%         4
 Irradiate                Conj/Alch      0%         3d11      100%        5
 Lee's Rapid Deconstruct  Erth           0%         3d4*      100%        5
 Conjure Ball Lightning   Conj/Air       0%         3x3d6     100%        6
 Plasma Beam              Fire/Air       0%         2x1d10    100%        6
 Starburst                Conj/Fire      0%         6d3       100%        6
 Ignition                 Fire           0%         3d3       100%        8
 Fire Storm               Conj/Fire      0%         5d1       100%        9
 Summon Ice Beast         Ice/Summ       Unusable   N/A       N/A         3
 Tukima's Dance           Hex            Unusable   N/A       N/A         3
 Animate Armour           Summ/Erth      Unusable   N/A       N/A         4
 Summon Lightning Spire   Summ/Air       Unusable   N/A       N/A         4
 Sculpt Simulacrum        Ice/Alch       Unusable   N/A       N/A         6

Dungeon Overview and Level Annotations

Branches:
Dungeon (12/15)            Temple (1/1) D:4            Lair (0/5) D:10
    Orc (0/2) D:11         Bailey (visited)         Gauntlet (1/1)

Altars:
Ashenzari
Cheibriados
Dithmenos
Elyvilon
Fedhas
Gozag
Hepliaklqana
Makhleb
Nemelex Xobeh
Okawaru
Qazlal
Ru
Sif Muna
Trog
Uskayaw
Vehumet
Wu Jian
Xom
Yredelemnul
Zin
The Shining One

Annotations:
Gauntlet 13 transporters, 21 runed translucent doors, exclusion: 2 lightning spires


Innate Abilities, Weirdness & Mutations

You are too large for most types of armour.
You have claws for hands.
Your natural rate of healing is unusually fast.
You are covered in fur. (AC +1)
You have tough skin. (AC +1)


Message History

The large rock hits the lightning spire!!!
The lightning spire is heavily damaged.
Throw: 5 large rocks
Press: ? - help, Q - select action, (/) - cycle Shift-Dir - straight line, f/p - lightning spire
Aim: a lightning spire (heavily damaged, 87% to hit)
You throw a large rock.
The large rock hits the lightning spire!!
The lightning spire is almost destroyed.
Throw: 4 large rocks
Press: ? - help, Q - select action, (/) - cycle Shift-Dir - straight line, f/p - lightning spire
Aim: a lightning spire (almost destroyed, 87% to hit)
You throw a large rock.
The large rock hits the lightning spire!!
You destroy the lightning spire!
Okawaru accepts your kill. Okawaru grants you throwing weapons!
Something appears at your feet!
You see here a silver javelin.
B - a silver javelin You start resting.
HP restored.
Throw: 3 large rocks
Press: ? - help, Q - select action, (/) - cycle Shift-Dir - straight line, f - lightning spire
Aim: a lightning spire (87% to hit)
You throw a large rock.
The large rock hits the lightning spire but does no damage.
The lightning spire shoots out a bolt of lightning at you!
The bolt of electricity hits you!! x2
Throw: 2 large rocks
Press: ? - help, Q - select action, (/) - cycle Shift-Dir - straight line, f/p - lightning spire
Aim: a lightning spire (87% to hit)
You throw a large rock.
The large rock hits the lightning spire but does no damage.
The lightning spire shoots out a bolt of lightning at you!
The bolt of electricity hits you!! x2
The lightning spire shoots out a bolt of lightning at you!
The bolt of electricity hits you!!
* * * LOW HITPOINT WARNING * * *
The bolt of electricity hits you!!
You die...

#..#.#..##.#©#©8..©....#©#.#.#.##
.#..#..#.#.#.#.........#.#.#...##
..#.©.#..#.#.#[........#.#.##..##
..9#.#...#.#.#.........#.#.###(#.
.99Y#....#.#.#..h......#.#.##.#.©
############.###########.########
...#©........#≈§§§8≈≈≈≈#........©
...#########.###########.########
#..........#.#.(@..#...#.#.......
#..........#.#..##..#..#.#.......
#########..#.#).#..##..#.#..#####
#8# #8#..#.#?.##..#..#.#..#8# #
### ###..#©#©8#.©##..#©#..### #
#..###=.##..#..###..#
#....#..#..##..#....#
#....#..##..#..#....#
###..#.....#...#..###


You could see a lightning spire and a raiju.

Vanquished Creatures
  Gastronok (D:9)
  Harold (D:11)
  4 two-headed ogres
  A tengu warrior (Gauntlet)
  A lightning spire (Gauntlet)
  Pikel (D:8)
  An elephant (D:10)
  2 manticores (D:11)
  Maggie (D:10)
  An unseen horror (D:12)
  2 komodo dragons
  A tengu conjurer (Gauntlet)
  A troll (D:7)
  The ghost of flestrin the Grave Robber, an amateur DsNe (D:6)
  2 raiju (Gauntlet)
  6 slime creatures (D:11)
  A vampire (D:11)
  A wraith (D:10)
  2 wyverns
  14 yaks
  2 steam dragons (D:7)
  2 vampire mosquitoes (D:11)
  An acid dragon (D:10)
  4 water moccasins
  5 black bears
  6 orc warriors
  2 ice beasts
  The ghost of nuka the Covered, an amateur MiFi (D:3)
  2 ogres (D:6)
  A centaur (D:11)
  2 phantoms
  A lemure (D:8)
  5 bullfrogs
  2 gnoll sergeants
  3 jellies
  A scorpion (D:5)
  5 wights (D:7)
  5 killer bees (D:10)
  6 howler monkeys
  A lava snake (D:8)
  2 gnoll boudas
  4 hounds (D:5)
  3 orc priests
  A bombardier beetle (D:3)
  5 sleepcaps
  9 orc wizards
  An iguana (D:6)
  23 gnolls
  4 adders
  A shadow imp (D:4)
  5 white imps
  3 ufetubi
  6 ribbon worms
  21 orcs
  10 endoplasms
  2 giant cockroaches (D:3)
  18 goblins
  5 hobgoblins
  10 jackals (D:4)
  2 quokkas
  8 ball pythons
  4 bats
  7 frilled lizards
  16 kobolds
  3 rats
275 creatures vanquished.

Notes
Turn   | Place    | Note
-------+----------+-------------------------------------------
     0 | D:1      | suse60 the Troll Gladiator began the quest for the Orb.
     0 | D:1      | Reached XP level 1. HP: 19/19 MP: 0/0
   469 | D:1      | Reached XP level 2. HP: 25/28 MP: 1/1
   687 | D:1      | Found a faded altar of an unknown god.
  1020 | D:2      | Reached XP level 3. HP: 35/35 MP: 2/2
  1308 | D:2      | Got the Elucidation of Fire
  1538 | D:3      | Noticed nuka's ghost (amateur MiFi)
  1543 | D:3      | Found a runed translucent gate.
  1543 | D:3      | Found a runed translucent gate.
  1548 | D:3      | Found a runed translucent gate.
  1659 | D:3      | Reached XP level 4. HP: 42/42 MP: 3/3
  1709 | D:3      | Found an opulent altar of Gozag.
  1821 | D:3      | Learned a level 2 spell: Scorch
  2060 | D:3      | Got Jiugeyti's Compilation of the Impact and Frost
  2217 | D:4      | Found a stormy altar of Qazlal.
  2227 | D:4      | Reached XP level 5. HP: 50/50 MP: 4/4
  2295 | D:4      | Found a staircase to the Ecumenical Temple.
  2304 | Temple   | Entered the Ecumenical Temple
  2309 | Temple   | Became a worshipper of Warmaster Okawaru
  2395 | D:4      | Reached skill level 1 in Shapeshifting
  2693 | D:5      | Entered Level 5 of the Dungeon
  2729 | D:5      | Reached XP level 6. HP: 59/59 MP: 5/5
  2737 | D:5      | Found a hazy altar of Hepliaklqana.
  2737 | D:5      | Found a shadowy altar of Dithmenos.
  2812 | D:5      | Found a glowing silver altar of Zin.
  2815 | D:5      | Found a white marble altar of Elyvilon.
  2960 | D:5      | Noticed a water moccasin
  2973 | D:5      | Killed a water moccasin
  2973 | D:5      | Reached * piety under Okawaru
  3031 | D:5      | Reached skill level 1 in Invocations
  3175 | D:5      | Reached XP level 7. HP: 65/67 MP: 7/7
  3394 | D:5      | Reached skill level 5 in Unarmed Combat
  3445 | D:5      | Reached ** piety under Okawaru
  3562 | D:5      | Found a shimmering blue altar of Sif Muna.
  3585 | D:5      | Got Sif Muna's Incunabulum of Stones and Thunder
  3590 | D:5      | Found a bloodstained altar of Trog.
  4256 | D:3      | Killed nuka's ghost
  4257 | D:3      | Reached XP level 8. HP: 71/78 MP: 8/8
  4365 | D:6      | Noticed flestrin's ghost (amateur DsNe)
  4399 | D:6      | Reached skill level 5 in Dodging
  4432 | D:6      | Found a broken altar of Ashenzari.
  4790 | D:6      | Found a transporter.
  4791 | D:6      | Identified the +5 dire flail of Etesou {protect, Dex+3}
  4791 | D:6      | Noticed a two-headed ogre
  4793 | D:6      | Found a transporter.
  5119 | D:7      | Reached skill level 5 in Fighting
  5291 | D:7      | Reached *** piety under Okawaru
  5295 | D:7      | Reached XP level 9. HP: 73/89 MP: 9/9
  5523 | D:7      | Noticed a troll
  5535 | D:7      | Killed a troll
  5569 | D:7      | Reached **** piety under Okawaru
  5588 | D:7      | Found the +18 Lear's hauberk
  5822 | D:8      | Noticed Pikel
  5838 | D:8      | Killed Pikel
  6281 | D:8      | Reached XP level 10. HP: 104/104 MP: 10/10
  6419 | D:8      | Found a basalt altar of Yredelemnul.
  6628 | D:6      | Killed a two-headed ogre
  6628 | D:6      | Reached ***** piety under Okawaru
  6629 | D:6      | Reached skill level 10 in Unarmed Combat
  6631 | D:6      | Killed flestrin's ghost
  6701 | D:9      | Found a flagged portal.
  6708 | Bailey   | Entered a bailey
  7299 | D:9      | Noticed Gastronok
  7310 | D:9      | Killed Gastronok
  7337 | D:9      | Found a shimmering altar of Xom.
  7371 | D:9      | Noticed a two-headed ogre
  7375 | D:9      | Killed a two-headed ogre
  7376 | D:9      | Reached skill level 10 in Fighting
  7418 | D:9      | Received a gift from Okawaru
  7652 | D:9      | Found a glowing golden altar of the Shining One.
  7718 | D:10     | Entered Level 10 of the Dungeon
  7816 | D:10     | Found a sparkling altar of Nemelex Xobeh.
  7822 | D:10     | Reached XP level 11. HP: 118/118 MP: 12/12
  8187 | D:10     | Found a sacrificial altar of Ru.
  8217 | D:10     | Noticed Maggie
  8243 | D:10     | Killed Maggie
  8244 | D:10     | Reached skill level 5 in Invocations
  8267 | D:10     | Reached skill level 1 in Armour
  8445 | D:10     | Found a staircase to the Lair.
  8515 | D:10     | Found a burning altar of Makhleb.
  8628 | D:11     | Found a staircase to the Orcish Mines.
  8723 | D:11     | Received a gift from Okawaru
  8813 | D:11     | Reached ****** piety under Okawaru
  8943 | D:11     | Reached skill level 5 in Armour
  8980 | D:11     | Noticed a two-headed ogre
  8985 | D:11     | Killed a two-headed ogre
  8985 | D:11     | Received a gift from Okawaru
  9148 | D:11     | Noticed a two-headed ogre
  9155 | D:11     | Killed a two-headed ogre
  9243 | D:11     | Noticed Harold
  9257 | D:11     | Killed Harold
  9340 | D:11     | Reached XP level 12. HP: 116/126 MP: 14/14
  9619 | D:12     | Found a gate leading to a gauntlet.
  9628 | Gauntlet | Entered a Gauntlet
  9628 | Gauntlet | Found a transporter.
  9628 | Gauntlet | Found a transporter.
  9633 | Gauntlet | Found a transporter.
  9633 | Gauntlet | Noticed a tengu warrior
  9651 | Gauntlet | Found a transporter.
  9667 | Gauntlet | Found a transporter.
  9679 | Gauntlet | Found a transporter.
  9694 | Gauntlet | Noticed a catoblepas
  9768 | Gauntlet | Found a transporter.
  9783 | Gauntlet | Found a transporter.
  9787 | Gauntlet | Noticed a green death
  9799 | Gauntlet | Found a transporter.
  9812 | Gauntlet | Found a transporter.
  9814 | Gauntlet | Found a large runed translucent door.
  9814 | Gauntlet | Found a large runed translucent door.
  9815 | Gauntlet | Found a large runed translucent door.
  9815 | Gauntlet | Found a transporter.
  9815 | Gauntlet | Found a large runed translucent door.
  9816 | Gauntlet | Found a large runed translucent door.
  9816 | Gauntlet | Found a large runed translucent door.
  9816 | Gauntlet | Found a runed translucent door.
  9816 | Gauntlet | Found a runed translucent door.
  9816 | Gauntlet | Found a large runed translucent door.
  9817 | Gauntlet | Found a large runed translucent door.
  9824 | Gauntlet | Found a large runed translucent door.
  9824 | Gauntlet | Found a large runed translucent door.
  9825 | Gauntlet | Found a large runed translucent door.
  9825 | Gauntlet | Found a large runed translucent door.
  9826 | Gauntlet | Found a large runed translucent door.
  9826 | Gauntlet | Found a large runed translucent door.
  9890 | Gauntlet | Found a transporter.
  9900 | Gauntlet | Found a transporter.
  9902 | Gauntlet | Found a transporter.
  9902 | Gauntlet | Noticed a dire elephant
  9908 | Gauntlet | Found a large runed translucent door.
  9909 | Gauntlet | Found a large runed translucent door.
  9911 | Gauntlet | Found a runed translucent gate.
  9912 | Gauntlet | Found a transporter.
  9912 | Gauntlet | Found a transporter.
  9912 | Gauntlet | Found a runed translucent gate.
  9913 | Gauntlet | Found a runed translucent gate.
  9963 | Gauntlet | Acquired the +2 hat of Boseare {rPois Dex+2 Slay+2}
  9963 | Gauntlet | Received a gift from Okawaru
  9981 | Gauntlet | Killed a tengu warrior
 10046 | Gauntlet | Received a gift from Okawaru
 10058 | Gauntlet | Killed from afar by a lightning spire

Illustrated notes

Levels and vault maps discovered:
D:1:      ncdulo_lavacross, layout_basic,
          dreamdust_ecumenical_altar_angels_and_demons
D:2:      layout_basic, st_stairs_2
D:3:      kennysheep_six_static_rooms, layout_rooms, marbit_many_paths,
          gammafunk_ghost_split
D:4:      layout_cave_pools, mainiacjoe_overflow_chevrons, temple_fountains
D:5:      layout_layer_cave, nzn_overflow_gifts_of_might_and_magic,
          nicolae_overflow_hidden_temple, st_stairs_7
D:6:      layout_loops_ring, evilmike_ruin_ashenzari, gammafunk_ghost_smash,
          minmay_misc_feat_pillars
D:7:      layout_loops_ring, hellmonk_guarded_unrand_lears
D:8:      layout_basic, kennysheep_mini, interstate_on_off,
          eino_small_chamber_without_monster, kennysheep_doodads, uniq_pikel
D:9:      layout_roguey, dk_xom_monty_hall, tso_altar, enter_bailey_1,
          hangedman_decor_riveting, hangedman_decor_lopped, uniq_gastronok
D:10:     layout_basic, lightli_temple_of_fire, overflow_temple_1_default,
          nicolae_ru_sacrificial_ziggurat, grunt_lair_entry_orc_guard_hut,
          uniq_maggie
D:11:     layout_irregular_city, orc_0_dummy, uniq_harold
D:12:     layout_loops_ring, gauntlet_entry_generic, hangedman_corner_corridor
Temple:   hellmonk_temple_micro_hex
Gauntlet: gammafunk_gauntlet_branching [gammafunk_gauntlet_arena_mazey,
          nicolae_gauntlet_arena_t_cross, gammafunk_gauntlet_arena_teeth,
          gammafunk_gauntlet_arena_open, gammafunk_gauntlet_arena_spirals,
          nicolae_gauntlet_arena_x, gammafunk_gauntlet_arena_arrow_garden,
          minmay_gauntlet_arena_make_your_own_arena,
          nicolae_gauntlet_exit_dead_adventurers]

Skill      XL: |  1  2  3  4  5  6  7  8  9 10 11 12 |
---------------+-------------------------------------+-----
Throwing       | 2 3 |  3.2
Fighting       | 2 3 4 5 7 10 | 10.2
Dodging        | 3 4 5 |  5.0
Unarmed Combat | 4 5 7 9 10 | 10.2
Shapeshifting  | 1 |  1.1
Invocations    | 1 2 3 5 |  5.1
Armour         | 7 8 |  8.4

Action                     |  1- 3 |  4- 6 |  7- 9 | 10-12 || total
---------------------------+-------+-------+-------+-------++-------
  Melee: Unarmed           |   100 |   157 |   248 |   269 ||   774
         Punch             |     1 |     1 |     8 |    13 ||    23
  Throw: Large rock        |       |     1 |    12 |    29 ||    42
         Throwing net      |       |       |     3 |       ||     3
         Boomerang         |       |       |       |    64 ||    64
         Dart              |       |       |       |     3 ||     3
 Invoke: Heroism           |       |       |     2 |     2 ||     4
         Receive Armour    |       |       |       |     1 ||     1
  Evoke: Wand              |       |       |       |     8 ||     8
    Use: Scroll            |     3 |     4 |     6 |    10 ||    23
         Potion            |       |       |     1 |     1 ||     2
   Stab: Invisible         |       |       |       |     1 ||     1
 Armour: Robe              |    45 |   104 |   152 |   117 ||   418
         Troll leather arm |       |       |    20 |    89 ||   109
  Dodge: Dodged            |    35 |    61 |   121 |   130 ||   347
